 Dungeon Crawl Stone Soup version 0.30.0-5-g1a98f26d00 (webtiles) character file.

Game seed: 6442679957312043008

477 GigaChad the Chopper (level 7, -4/55 HPs)
             Began as a Formicid Fighter on May 11, 2023.
             Was a High Priest of Ignis.
             Slain by an ogre
             ... wielding a +0 giant spiked club
              (51 damage)
             ... on level 5 of the Dungeon.
             The game lasted 00:06:10 (4169 turns).

GigaChad the Chopper (Formicid Fighter)             Turns: 4169, Time: 00:06:11

Health: -4/55      AC: 13    Str: 23    XL:     7   Next: 33%
Magic:  7/7        EV:  2    Int: 11    God:    Ignis [*****.]
Gold:   384        SH:  0    Dex: 13    Spells: 6/6 levels left

rFire   + . .        a - +0 war axe
rCold   . . .        c - +0 buckler
rNeg    . . .        p - +4 scale mail "Qejo" {Will+++ Int+4 Stlth-}
rPois   .            (helmet unavailable)
rElec   .            (no cloak)
rCorr   .            h - +1 pair of gloves
SInv    +            (no boots)
Will    +++..        (no amulet) Stlth
                     (no ring)
HPRegen 0.29/turn    (no ring)
MPRegen 0.10/turn

%: no passive effects
@: sleeping
A: permanent stasis, dig shafts and tunnels, antennae 3, four strong arms
a: Dig, Shaft Self, Renounce Religion, Fiery Armour, Foxfire Swarm, Rising Flame


You were on level 5 of the Dungeon.
You worshipped Ignis.
Ignis was extremely pleased with you.
You visited 2 branches of the dungeon, and saw 6 of its levels.
You also visited: Ossuary.

You collected 384 gold pieces.

Inventory:

Hand Weapons
 a - a +0 war axe (weapon)
Armour
 b - a +0 scale mail
 c - a +0 buckler (worn)
 h - a +1 pair of gloves (worn)
 p - the +4 scale mail "Qejo" (worn) {Will+++ Int+4 Stlth-}
   (You found it on level 3 of the Dungeon)

   Int:       It affects your intelligence (+4).
   Will:      It greatly increases your willpower.
   Stlth:     It makes you less stealthy.
Jewellery
 m - a ring of resist corrosion
 z - the amulet of Onoynk {Spirit rN+ Will+ rCorr}
   (You found it on level 4 of the Dungeon)

   [amulet of guardian spirit]

   It causes incoming damage to be divided between your reserves of health and
   magic.
   rN:        It protects you from negative energy.
   rCorr:     It protects you from acid and corrosion.
   Will:      It increases your willpower.
Wands
 n - a wand of charming (2)
Scrolls
 e - 4 scrolls of identify
 f - a scroll of magic mapping
 g - a scroll of poison
 j - 2 scrolls of fog
 k - 2 scrolls of fear {unknown}
 v - a scroll of enchant armour {unknown}
 w - 3 scrolls of summoning {unknown}
 x - 2 scrolls of amnesia {unknown}
 y - a scroll of silence {unknown}
Potions
 d - 4 potions of might
 i - 3 potions of attraction {unknown}
 l - 2 potions of invisibility {unknown}
 o - 2 potions of curing {unknown}
 q - 2 potions of brilliance {unknown}
 r - a potion of heal wounds {unknown}
 s - a potion of haste {unknown}
 t - 2 potions of flight {unknown}
 u - 2 potions of lignification {unknown}


   Skills:
 * Level 4.5 Fighting
 * Level 5.5 Axes
 * Level 4.8 Armour
 * Level 5.1 Shields


You had 6 spell levels left.
You didn't know any spells.
Your spell library contained the following spells:

 Spells                   Type           Power      Damage    Failure   Level
 Beastly Appendage        Tmut           0%         N/A       71%         1
 Lesser Beckoning         Tloc           0%         N/A       83%         2
 Momentum Strike          Conj/Tloc      0%         3d8       83%         2
 Wereblood                Tmut           0%         N/A       83%         2
 Gell's Gravitas          Tloc           0%         N/A       97%         3
 Spider Form              Tmut/Pois      0%         N/A       97%         3
 Summon Guardian Golem    Hex/Summ       0%         N/A       97%         3
 Teleport Other           Tloc           0%         N/A       97%         3
 Orb of Destruction       Conj           0%         9d5       100%        7
 Spellforged Servitor     Conj/Summ      0%         N/A       100%        7
 Blink                    Tloc           Unusable   N/A       N/A         2

Dungeon Overview and Level Annotations

Branches:
Dungeon (5/15)             Temple (1/1) D:4         Ossuary (visited)

Altars:
Ashenzari
Dithmenos
Elyvilon
Fedhas
Gozag
Kikubaaqudgha
Nemelex Xobeh
Okawaru
Qazlal
Ru
Sif Muna
Trog
Uskayaw
Vehumet
Xom
Zin
The Shining One
Ignis

Shops:
D:3 *[?


Innate Abilities, Weirdness & Mutations

You cannot be hasted, slowed, berserked, paralysed or teleported.
You can dig through walls and to a lower floor.
You have a pair of large antennae on your head. (SInv)
Your four strong arms can wield two-handed weapons with a shield.


Message History

Done exploring.
Done exploring.
No target in view!
No target in view!
There is a stone staircase leading up here.
There are no items here.
You climb upwards.
There is a stone staircase leading down here.
There is a stone staircase leading down here.
You climb downwards.
There is a stone staircase leading up here.
There is a stone staircase leading down here.
You climb downwards.
Found a stone staircase leading up.
There is a stone staircase leading up here.
A sleepcap and an ogre come into view.
The ogre shouts!
There are monsters nearby!
There are monsters nearby!
You block the sleepcap's attack.
You hit the sleepcap.
The sleepcap is lightly damaged.
The sleepcap releases spores at you but does no damage.
You hit the sleepcap but do no damage.
The sleepcap is lightly damaged.
The sleepcap releases spores at you.
You hit the sleepcap but do no damage.
The sleepcap is lightly damaged.
The sleepcap closely misses you.
You slash the sleepcap!
The sleepcap is moderately damaged.
You barely miss the ogre.
The ogre hits you with a +0 giant spiked club!
The sleepcap releases spores at you but does no damage.
The sleepcap releases spores at you.
You are engulfed in a cloud of soporific spores!
You fall asleep.
The ogre hits you with a +0 giant spiked club!!!
Ouch! That really hurt!
You die...

...... ......
###......
###........
..........
#.........
#..O......
#.@f......
###.###.##......
......<<.+ .....
.##.###.## ....
#.# ... #.# ..
..# # ###


You could see an ogre and a sleepcap.

Vanquished Creatures
  A scorpion (D:4)
  A howler monkey (D:4)
  2 hounds (D:4)
  An iguana (D:4)
  An orc wizard (D:4)
  8 mummies (Ossuary)
  4 gnolls (D:4)
  4 adders
  An ufetubus (D:4)
  2 worms
  3 dart slugs
  9 orcs
  2 bats
  6 endoplasms
  A giant cockroach (D:4)
  8 goblins
  5 hobgoblins
  3 jackals (D:1)
  6 kobolds
  3 quokkas
  5 ball pythons
  4 frilled lizards
  2 gnoll zombies (Ossuary)
  2 hobgoblin zombies (Ossuary)
  2 kobold zombies (Ossuary)
  2 orc zombies (Ossuary)
  4 rats
92 creatures vanquished.

Vanquished Creatures (others)
  20 foxfires (Ossuary)
20 creatures vanquished.

Grand Total: 112 creatures vanquished

Notes
Turn   | Place    | Note
-------+----------+-------------------------------------------
     0 | D:1      | GigaChad the Formicid Fighter began the quest for the Orb.
     0 | D:1      | Reached XP level 1. HP: 18/18 MP: 1/1
    97 | D:1      | Reached XP level 2. HP: 23/24 MP: 2/2
   466 | D:1      | Reached XP level 3. HP: 29/29 MP: 3/3
  1288 | D:2      | Reached XP level 4. HP: 36/37 MP: 4/4
  1595 | D:2      | Found a faded altar of an unknown god.
  1600 | D:2      | Prayed at the altar of an unknown god.
  1600 | D:2      | Became a worshipper of Ignis, the Dying Flame
  1855 | D:3      | Found Eblad's Magic Scroll Boutique.
  2163 | D:3      | Found Imnuazxe's Antique Armour Emporium.
  2177 | D:3      | Found Vazycs's General Store.
  2329 | D:3      | Identified the +4 scale mail "Qejo" {Will+++ Int+4 Stlth-}
  2541 | D:4      | Reached XP level 5. HP: 39/42 MP: 5/5
  2739 | D:4      | Found a sand-covered staircase.
  2779 | Ossuary  | Entered an ossuary
  2817 | Ossuary  | Reached XP level 6. HP: 19/48 MP: 6/6
  3459 | D:4      | Found a staircase to the Ecumenical Temple.
  3475 | D:4      | Reached skill level 5 in Axes
  3475 | D:4      | Reached skill level 5 in Shields
  3475 | D:4      | Reached XP level 7. HP: 43/55 MP: 7/7
  3488 | Temple   | Entered the Ecumenical Temple
  3789 | D:4      | Identified the amulet of Onoynk {Spirit rN+ Will+ rCorr}
  4162 | D:5      | Entered Level 5 of the Dungeon
  4169 | D:5      | Slain by an ogre

Illustrated notes

Levels and vault maps discovered:
D:1:      dpeg_arrival_signposts, layout_basic, minmay_stone_trees_small,
          minmay_strange_pillars
D:2:      layout_basic, basic_ecumenical_altar, dk_noncrumbling_3
D:3:      layout_basic, serial_shops, nicolae_shop_rolling_square, shop, shop,
          grunt_ministairs_2
D:4:      cheibrodos_quashed, layout_cave_pools, minmay_temple_entry_large_hall,
          nicolae_ossuary_entry_plus, roderic_roman_lattice,
          minmay_misc_feat_five, kennysheep_generic_room_2
D:5:      layout_basic
Temple:   minmay_temple_bridge_d

Skill      XL: |  1  2  3  4  5  6 |
---------------+-------------------+-----
Armour         | 4 |  4.8
Axes           | 3 4 5 |  5.5
Fighting       | 4 |  4.5
Shields        | 5 |  5.1

Action                     |  1- 3 |  4- 6 |  7- 9 || total
---------------------------+-------+-------+-------++-------
  Melee: War axe           |    87 |   151 |    32 ||   270
 Invoke: Foxfire Swarm     |       |     1 |       ||     1
    Use: Scroll            |       |     3 |       ||     3
 Armour: Scale mail        |    45 |    92 |    23 ||   160
  Dodge: Dodged            |    35 |    80 |    17 ||   132
  Block: Buckler           |    20 |    43 |    10 ||    73
